Map: Echo LE (Void)

Players

Voodoochilli

  • Race: Terran Terran
  • League: Platinum

Bougi - Winner!

  • Race: Zerg Zerg
  • League: Platinum

VOD

Have the link to the VOD?

Description

Time

  • Played on: Nov. 27, 2016, 1:58 p.m.
  • Length: 16:44
Show
View Real Time Build Order
Export as new Build Order

Voodoochilli Terran 

Build Orders: MMM Bio 

Get SALT Encoding   

  12  0:01  SCV  
  13  0:13  SCV  
  14  0:20  Supply Depot  
  14  0:25  SCV  
  15  0:34  Refinery  
  15  0:42  SCV  
  16  0:45  Barracks  
  16  0:54  SCV  
  17  1:06  SCV  
  18  1:18  SCV  
  19  1:30  SCV  
  20  1:34  Reaper  
  21  1:43  Command Center  
  21  1:47  Orbital Command  
  21  2:03  Barracks  
  21  2:07  Supply Depot  
  21  2:14  SCV  
  22  2:17  Barracks Reactor  
  22  2:18  Refinery  
  22  2:27  SCV  
  23  2:44  SCV  
  24  2:56  SCV  
  26  3:02  Orbital Command  
  26  3:04  Marine x2  
  26  3:08  Barracks Tech Lab  
  26  3:11  Factory  
  26  3:12  Bunker  
  26  3:17  SCV  
  27  3:22  Marine  
  27  3:23  Marine  
  29  3:27  Supply Depot  
  29  3:30  SCV  
  30  3:34  SCV  
  30  3:38  Supply Depot, Marine  
  30  3:40  Marine  
  33  3:42  SCV  
  33  3:46  SCV  
  35  3:54  SCV  
  36  3:57  Supply Depot  
  36  3:58  SCV  
  27  4:11  Siege Tank  
  27  4:13  Marine x3  
  33  4:18  Orbital Command  
  28  4:31  Marine  
  27  4:40  SCV  
  27  4:43  Marine x2  
  29  4:49  Marine  
  29  4:51  Starport  
  30  4:57  Siege Tank  
  33  5:00  SCV  
  34  5:13  Liberator  
  34  5:26  Marine x2  
  39  5:40  Widow Mine, Engineering Bay  
  41  5:43  Barracks Tech Lab  
  41  5:49  Orbital Command  
  41  5:52  SCV  
  42  6:04  Marine x2  
  42  6:05  SCV  
  45  6:13  Medivac  
  45  6:17  SCV x2  
  49  6:29  SCV  
  50  6:34  SCV  
  50  6:36  Marine x2  
  50  6:38  Stimpack  
  53  6:41  SCV  
  54  6:57  Supply Depot  
  54  7:06  Supply Depot  
  54  7:12  Missile Turret  
  54  7:13  Missile Turret  
  54  7:15  Starport Reactor, Terran Infantry Weapons Level 1  
  54  7:18  Marine, Missile Turret, Marauder, SCV x2  
  59  7:30  SCV x2  
  59  7:33  Barracks  
  61  7:37  Liberator  
  61  7:42  Bunker, SCV x2  
  61  7:43  Liberator  
  63  7:54  SCV x2  
  68  8:00  Command Center  
  68  8:07  SCV  
  68  8:08  Supply Depot  
  68  8:09  Supply Depot  
  68  8:12  Engineering Bay  
  69  8:15  Armory  
  69  8:25  Marine  
  69  8:26  Barracks Reactor  
  70  8:29  Marine, Siege Tank  
  70  8:30  Supply Depot  
  74  8:53  Marine x2  
  74  8:54  Marauder  
  78  8:57  Medivac x2  
  78  9:00  Barracks x2  
  78  9:01  Siege Tank  
  82  9:42  Marine  
  82  9:43  Marauder  
  82  9:44  Combat Shields, Marine  
  79  9:58  Marine, Refinery  
  79  9:59  Supply Depot  
  80  10:00  Refinery  
  80  10:01  Marine  
  80  10:02  Barracks Reactor  
  80  10:04  Marauder  
  80  10:06  SCV  
  84  10:12  Marine  
  85  10:14  Marine  
  85  10:21  Missile Turret  
  83  10:23  Marine x2, Missile Turret x2  
  83  10:26  Marine, Marauder  
  85  10:30  Supply Depot  
  85  10:32  Missile Turret  
  85  10:33  SCV x2  
  85  10:35  Missile Turret  
  87  10:36  Terran Infantry Weapons Level 2  
  87  10:37  Terran Infantry Armor Level 1  
  87  10:42  Missile Turret  
  87  10:45  SCV x2  
  87  10:47  Marauder  
  73  10:57  Marine x2, SCV  
  62  11:09  Marauder  
  62  11:10  Command Center  
  62  11:11  Barracks  
  63  11:12  Marine x3  
  63  11:13  Marine  
  63  11:14  Barracks Reactor  
  67  11:27  Marine  
  67  11:28  Marine, Missile Turret  
  67  11:29  Missile Turret  
  67  11:30  Marauder  
  71  11:33  Marine, SCV x2  
  71  11:37  Marine x2  
  76  11:46  Marine x2  
  78  11:48  Marine  
  78  11:51  Marine, Marauder  
  82  11:54  Marine  
  82  11:58  Marine x2  
  85  12:08  Barracks Reactor  
  85  12:13  Marauder  
  87  12:23  Orbital Command  
  87  12:28  Missile Turret  
  87  12:34  Marine, Marauder  
  90  12:43  Missile Turret  
  90  12:48  Missile Turret  
  90  12:49  Marine x2  
  90  12:50  Marine x7  
  99  12:55  Marauder  
  100  12:59  Marine  
  100  13:13  Planetary Fortress  
  100  13:17  Marauder  
  103  13:21  Widow Mine  
  104  13:34  Missile Turret  
  104  13:37  Marine x2  
  104  13:38  Marine x4  
  104  13:39  Marine, Marauder  
  113  13:41  SCV x2  
  113  13:45  Marine  
  113  13:47  Marine  
  117  13:48  Missile Turret  
  117  13:49  Marine  
  117  13:55  Marine x2  
  118  13:56  Marine  
  118  13:57  Widow Mine  
  118  13:58  SCV  
  118  14:00  Marine  
  125  14:14  Supply Depot  
  125  14:16  Supply Depot  
  125  14:22  Marine  
  125  14:25  Marine  
  125  14:26  Marine  
  125  14:36  Marauder, SCV  
  128  14:39  Marine x5  
  128  14:41  Medivac x2  
  137  14:46  SCV  
  137  14:47  Barracks  
  137  14:48  Barracks, SCV  
  137  14:50  Marine x2  
  141  14:58  Supply Depot  
  141  14:59  Supply Depot  
  141  15:02  Marine  
  141  15:03  Marauder, SCV x2  
  141  15:05  SCV  
  147  15:09  Marine  
  148  15:15  SCV  
  148  15:20  Supply Depot, Liberator, SCV  
  148  15:21  Marine  
  151  15:24  Marauder, SCV  
  151  15:28  Supply Depot  
  154  15:29  Marine  
  154  15:30  SCV  
  154  15:32  Supply Depot, SCV  
  154  15:35  Marine x2, Liberator  
  162  15:44  Barracks Reactor, Barracks Tech Lab  
  162  15:46  Marauder  
  164  15:53  Marine  
  164  15:54  Marine  
  164  15:55  Marine  
  164  15:56  SCV x2  
  172  16:07  Marauder  
  174  16:13  Marine x3  
  174  16:14  Marauder  
  179  16:20  Supply Depot  
Show
View Real Time Build Order
Export as new Build Order

Bougi Zerg - Winner!

Build Orders: Pool First, Muta Ling Bane, Zergling Baneling 

Get SALT Encoding   

  12  0:05  Drone  
  13  0:09  Drone  
  14  0:18  Overlord  
  14  0:36  Drone  
  14  0:37  Drone x2  
  17  0:47  Extractor  
  16  0:52  Drone, Spawning Pool  
  16  0:59  Drone  
  17  1:09  Drone  
  18  1:24  Hatchery  
  17  1:28  Drone  
  18  1:38  Queen  
  20  1:44  Overlord  
  20  1:51  Metabolic Boost  
  20  2:10  Baneling Nest, Drone  
  20  2:11  Drone x2  
  22  2:22  Overlord  
  22  2:32  Zergling x2  
  22  2:36  Queen  
  25  2:38  Zergling x2  
  26  2:47  Zergling x2  
  26  2:48  Zergling x6  
  30  3:06  Baneling x4  
  30  3:08  Baneling x2  
  30  3:10  Zergling x8  
  34  3:18  Zergling x6  
  37  3:20  Baneling  
  37  3:21  Baneling  
  37  3:30  Zergling x6  
  40  3:35  Drone  
  40  3:39  Overlord  
  41  3:54  Zergling x6  
  41  3:55  Zergling x2  
  37  4:25  Zergling x14  
  37  4:30  Baneling x4  
  37  4:31  Baneling x3  
  43  4:43  Drone x2  
  43  4:44  Drone  
  42  5:00  Drone x7  
  44  5:26  Drone x8  
  52  5:28  Overlord  
  52  5:29  Overlord x2  
  52  5:46  Queen  
  54  5:50  Extractor  
  54  5:51  Extractor  
  54  5:53  Lair  
  52  5:58  Hatchery  
  46  6:17  Drone x6  
  49  6:37  Drone x10  
  58  6:51  Zergling x2  
  58  6:52  Zergling x8  
  63  6:58  Spore Crawler  
  63  6:59  Spore Crawler  
  63  7:00  Spore Crawler x2, Zergling x2  
  60  7:15  Zergling x2  
  60  7:16  Zergling x10  
  65  7:24  Spire  
  65  7:25  Evolution Chamber  
  65  7:27  Evolution Chamber  
  61  7:40  Drone x6  
  65  7:53  Queen  
  67  8:03  Zergling x2  
  67  8:04  Zergling x22  
  79  8:11  Baneling  
  79  8:12  Baneling x6  
  79  8:13  Baneling x5  
  79  8:14  Queen  
  81  8:21  Zerg Ground Armor Level 1  
  81  8:24  Zerg Melee Weapons Level 1  
  81  8:31  Centrifical Hooks  
  81  8:36  Extractor  
  81  8:39  Extractor  
  79  8:43  Drone  
  79  8:44  Drone x2  
  79  8:45  Overlord  
  79  8:46  Overlord x2  
  79  8:48  Overlord x2  
  82  9:02  Spine Crawler  
  82  9:03  Spine Crawler  
  82  9:04  Spore Crawler  
  79  9:23  Mutalisk  
  79  9:24  Mutalisk x4  
  81  9:27  Overlord x2  
  80  9:38  Drone  
  80  9:39  Drone x9  
  90  9:46  Drone x2  
  92  9:55  Mutalisk  
  92  9:56  Mutalisk x2  
  92  10:03  Drone  
  89  10:29  Drone x8  
  89  10:30  Drone x2  
  99  10:38  Overlord  
  76  11:05  Mutalisk  
  76  11:06  Mutalisk x7  
  91  11:30  Drone  
  91  11:31  Infestation Pit  
  91  11:38  Overlord x2  
  91  11:39  Extractor, Zergling x10  
  96  11:40  Zergling x2, Hatchery  
  95  11:54  Mutalisk  
  95  11:55  Mutalisk x4  
  105  12:10  Overlord, Zerg Flyer Weapons Level 1  
  105  12:11  Overlord  
  105  12:18  Zerg Melee Weapons Level 2  
  105  12:31  Overlord x3  
  105  12:34  Zergling x2  
  105  12:35  Zergling x14  
  107  12:57  Queen  
  109  12:58  Overlord  
  109  12:59  Overlord  
  109  13:02  Hive  
  109  13:07  Overlord x2  
  109  13:14  Baneling x5  
  109  13:15  Baneling x11  
  109  13:17  Zergling x2  
  109  13:18  Zergling x20  
  109  13:19  Overlord  
  120  13:37  Overlord x3  
  120  13:59  Zerg Ground Armor Level 2  
  120  14:01  Overlord x2  
  120  14:04  Zergling x4  
  120  14:05  Zergling x22  
  120  14:07  Baneling  
  120  14:08  Baneling x3  
  133  14:16  Ultralisk Cavern, Overlord x2  
  132  14:53  Overlord x2  
  132  14:59  Adrenal Glands  
  132  15:24  Chitinous Plating  
  132  15:26  Ultralisk  
  132  15:27  Ultralisk x3  
  156  15:30  Overlord x3  
  156  15:32  Zergling x18  
  156  15:33  Zergling x16  
  173  15:37  Baneling  
  173  15:38  Baneling x7  
  173  15:39  Overlord x2  
  173  15:53  Drone x5  
  173  15:54  Drone x2  
  173  15:56  Hatchery  
  179  15:59  Extractor x2, Spine Crawler  
  179  16:00  Spine Crawler  
  179  16:03  Spore Crawler  
Tags
 
Add a new tag
Caveats
  • Supply blocks, unpowered buildings, or Contaminate may cause inaccurate times.
  • Supply counts are checked every 10 seconds.